 Dungeon Crawl Stone Soup version 0.19.1 (webtiles) character file.

41 hal2100 the Skirmisher (level 3, 0/29 HPs)
             Began as a Demonspawn Chaos Knight on Dec 11, 2016.
             Succumbed to an adder's poison
             ... on level 2 of the Dungeon.
             The game lasted 00:06:30 (738 turns).

hal2100 the Skirmisher (Demonspawn Chaos Knight)     Turns: 738, Time: 00:06:31

Health: 0/29       AC:  5    Str: 13    XL:     3   Next: 32%
Magic:  1/3        EV: 16    Int: 13    God:    Xom [.*....]
Gold:   51         SH:  0    Dex: 17    Spells: 0 memorised, 2 levels left

rFire  . . .     SeeInvis .     a - +0 mace (chaos)
rCold  . . .     Gourm    .     b - +2 leather armour
rNeg   . . .     Faith    .     (no shield)
rPois  .         Spirit   +     (no helmet)
rElec  .         Reflect  .     (no cloak)
rCorr  .         Harm     .     (no gloves)
MR     +....                    (no boots)
Stlth  ++........               (no amulet)
                                (no ring)
                                (no ring)

@: agile, lethally poisoned (0 -> -14), very slightly contaminated, hasted, very
quick
A: magic resistance 1, magic shield
a: Renounce Religion


You were on level 2 of the Dungeon.
You worshipped Xom.
You were a plaything of Xom.
You were not hungry.

You visited 1 branch of the dungeon, and saw 2 of its levels.

You collected 51 gold pieces.

Inventory:

Hand Weapons
 a - a +0 mace of chaos (weapon)
Missiles
 l - 2 tomahawks (quivered)
Armour
 b - a +2 leather armour (worn)
Scrolls
 d - 4 scrolls of remove curse {unknown}
 e - a scroll of enchant armour {unknown}
 j - a scroll of magic mapping {unknown}
 m - 2 scrolls of teleportation {unknown}
Potions
 k - a potion of beneficial mutation
Comestibles
 c - 2 bread rations
 f - a chunk of flesh
 g - a meat ration
 n - a slice of pizza


   Skills:
 + Level 3.2 Fighting
 + Level 3.2 Maces & Flails
 + Level 2.4 Armour
 + Level 1.2 Dodging
 + Level 0.2 Stealth


You had 2 spell levels left.
You didn't know any spells.

Dungeon Overview and Level Annotations

Branches:
Dungeon (2/15)

Altars:


Innate Abilities, Weirdness & Mutations

When hurt, damage is shared between your health and your magic reserves.
You are resistant to hostile enchantments. (MR+)


Message History

You are more poisoned.
The adder poisons you!
It was a potion of haste.
You feel yourself speed up.
Xom thinks this is hilarious!
* * * LOW HITPOINT WARNING * * *
You feel sick. The adder closely misses you. The adder barely misses you.
You are very lightly contaminated with residual magic.
You barely miss the adder.
The adder is lightly wounded.
The adder closely misses you. x2
You hit the adder. You burn the adder.
The adder is moderately wounded.
* * * LOW HITPOINT WARNING * * *
You feel sick. The adder bites you but does no damage. The adder bites you.
You are more poisoned.
The adder poisons you!
You closely miss the adder.
The adder is moderately wounded.
You die...
Xom roars with laughter!

. # # .# ### .#
...
.###########.####+
[$.
......S@ShK>......
...
#.#######hh.......
## #..##.....
######..%......
........#......
.r.
#####..<#......
..$. #...# #####
... #...# .. #...#


You could see 2 adders, 3 jackals and a kobold.

Vanquished Creatures
  2 adders
  2 leopard geckos (D:1)
  3 bats (D:1)
  4 hobgoblins (D:1)
  2 jackals (D:1)
  2 kobolds
  A quokka (D:1)
  A frilled lizard (D:1)
  A goblin (D:1)
  A rat (D:1)
19 creatures vanquished.

Notes
Turn   | Place    | Note
-------+----------+-------------------------------------------
     0 | D:1      | hal2100 the Demonspawn Chaos Knight began the quest for the Orb.
     0 | D:1      | Reached XP level 1. HP: 18/18 MP: 1/1
   174 | D:1      | Gained mutation: When hurt, damage is shared between your health and your magic reserves. [demonic ancestry]
   174 | D:1      | Reached XP level 2. HP: 13/24 MP: 2/2
   242 | D:1      | XOM: harmless Tmut miscast
   275 | D:1      | XOM: harmless Conj miscast
   325 | D:1      | Reached skill level 1 in Dodging
   652 | D:1      | XOM: blink monster(s)
   657 | D:1      | Reached XP level 3. HP: 17/29 MP: 1/3
   731 | D:2      | Gained mutation: You are resistant to hostile enchantments. (MR+) [potion of beneficial mutation]
   737 | D:2      | HP: 1/29 [poisoned by an adder]
   738 | D:2      | Succumbed to an adder's poison

Skill      XL: |  1  2 |
---------------+-------+-----
Armour         | 2 |  2.4
Maces & Flails | 3 |  3.2
Dodging        | 1 |  1.2
Fighting       | |  3.2
Stealth        | |  0.2

Action                   || total
-------------------------++-------
Melee: Mace              ||    75
Throw: Tomahawk          ||     2
  Use: Potion            ||     3
 Stab: Sleeping          ||     1
Armor: Leather armour    ||    57
Dodge: Dodged            ||    75
